 Dungeon Crawl Stone Soup version 0.18.1-48-g4cf74bf (webtiles) character file.

37 Gargoyl the Skirmisher (level 3, 0/29 HPs)
             Began as a Demonspawn Abyssal Knight on Sept 8, 2016.
             Was a Follower of Lugonu.
             Slain by an adder (2 damage)
             ... on level 2 of the Dungeon.
             The game lasted 00:02:14 (1173 turns).

Gargoyl the Skirmisher (Demonspawn Abyssal Knight)  Turns: 1173, Time: 00:02:14

Health: 0/29       AC:  3    Str: 13    XL:     3   Next: 21%
Magic:  5/5        EV: 11    Int: 13    God:    Lugonu [*.....]
Gold:   32         SH:  0    Dex: 12    Spells: 0 memorised, 2 levels left

rFire  . . .     SeeInvis .     a - +1 hand axe
rCold  . . .     Gourm    .     b - +0 leather armour
rNeg   . . .     Faith    .     (no shield)
rPois  .         Spirit   .     (helmet restricted)
rElec  .         Dismiss  .     (no cloak)
rCorr  .         Reflect  .     (no gloves)
SustAt .         Harm     .     (no boots)
MR     .....                    (no amulet)
Stlth  +.........               (no ring)
                                (no ring)

@: lethally poisoned (0 -> -10), flying, not resistant to hostile enchantments,
very unstealthy
A: antennae 1, demonic guardian 1
a: Depart the Abyss, Renounce Religion


You were on level 2 of the Dungeon.
You worshipped Lugonu.
Lugonu was aware of your devotion.
You were not hungry.

You visited 1 branch of the dungeon, and saw 2 of its levels.
You visited the Abyss 1 time.

You collected 32 gold pieces.

Inventory:

Hand Weapons
 a - a +1 hand axe (weapon)
 e - a +0 spear
Missiles
 k - 3 javelins (quivered)
Armour
 b - a +0 leather armour (worn)
Wands
 d - a wand of iceblast (10/15)
 f - a wand of heal wounds (5/9)
Scrolls
 j - 2 scrolls of magic mapping {unknown}
 l - 2 scrolls of immolation {unknown}
 m - a scroll of fog {unknown}
 n - a scroll of blinking {unknown}
 o - 2 scrolls of identify {unknown}
 q - a scroll of fear {unknown}
 r - a scroll of recharging {unknown}
Potions
 g - a potion of flight
Comestibles
 c - 2 bread rations
 h - a slice of pizza
 i - 5 fruits
 p - a royal jelly


   Skills:
 + Level 3.5 Fighting
 + Level 2.0 Axes
 + Level 2.1 Armour
 + Level 1.4 Dodging
 + Level 2.7 Invocations


You had 2 spell levels left.
You didn't know any spells.

Dungeon Overview and Level Annotations

Branches:
Dungeon (2/15)

Altars:


Innate Abilities, Weirdness & Mutations

You have a pair of small antennae on your head.
A weak demonic guardian rushes to your aid.


Message History

The adder is moderately wounded.
You feel sick. The adder bites you but does no damage. The adder bites you.
Unknown command.
Drink which item? (? for menu, Esc to quit)
It was a potion of flight.
You feel very buoyant.
You fly up into the air.
You feel sick. The adder bites you.
* * * LOW HITPOINT WARNING * * *
You barely miss the adder.
The adder is moderately wounded.
* * * LOW HITPOINT WARNING * * *
You feel sick. The adder bites you.
* * * LOW HITPOINT WARNING * * *
The adder closely misses you.
Unknown command.
You barely miss the adder.
The adder is lightly wounded.
* * * LOW HITPOINT WARNING * * *
You feel sick. The adder bites you.
You die...

#.# #.# # #.# #####.#
#.# ......# #.# ...#
#############.# ...#
.##<#........##.#
...####.##.#...S@...##.#
......#.##.#........##.#
.........#.#....?......#
.........#.#...........#
###......#.#........##.#
.........#.#.........#.#
##.......#.#.#....#..#.#
#.......#.#......#..#.#
#.......#.#...##.#..#.#


You could see an adder.

Vanquished Creatures
  2 adders (D:2)
  A dart slug (D:1)
  2 bats (D:1)
  2 goblins (D:1)
  A hobgoblin (D:2)
  2 ball pythons
  2 giant newts
  6 kobolds
  A rat (D:1)
19 creatures vanquished.

Notes
Turn   | Place    | Note
--------------------------------------------------------------
     0 | Abyss:1  | Gargoyl the Demonspawn Abyssal Knight began the quest for the Orb.
     0 | Abyss:1  | Reached XP level 1. HP: 18/18 MP: 2/2
    81 | Abyss:3  | Noticed a raiju
    82 | Abyss:3  | Noticed a raiju
    84 | D:1      | Escaped the Abyss
   144 | D:1      | Reached skill level 1 in Dodging
   303 | D:1      | Gained mutation: You have a pair of small antennae on your head. [demonic ancestry]
   303 | D:1      | Reached XP level 2. HP: 24/24 MP: 3/3
   338 | D:1      | Reached * piety under Lugonu
   960 | D:2      | Gained mutation: A weak demonic guardian rushes to your aid. [demonic ancestry]
   960 | D:2      | Reached XP level 3. HP: 16/29 MP: 3/5
  1173 | D:2      | Slain by an adder

Skill      XL: |  1  2 |
---------------+-------+-----
Dodging        | 1 |  1.4
Armour         | 2 |  2.1
Axes           | 2 |  2.0
Fighting       | |  3.5
Invocations    | |  2.7

Action                   || total
-------------------------++-------
Melee: Hand axe          ||    62
Invok: Depart the Abyss  ||     1
  Use: Potion            ||     1
  Eat: Chunk             ||     1
Armor: Leather armour    ||    20
Dodge: Dodged            ||    55
